Map: Winter's Gate LE

Players

TurkeyDano

  • Race: Protoss Protoss
  • League: Master
  • Spawn Location: 11:00

SpeCial - Winner!

  • Race: Terran Terran
  • Spawn Location: 5:00

Event: NationWars 2019

VOD

Have the link to the VOD?

Description

Time

  • Played on: Nov. 14, 2019, 12:58 p.m.
  • Length: 3:48
Show
View Real Time Build Order
Export as new Build Order

TurkeyDano Protoss 

Build Orders:  

Get SALT Encoding   

  12  0:00  Probe  
  13  0:12  Probe  
  14  0:17  Pylon  
  14  0:25  Probe (Chrono Boost)  
  15  0:37  Probe (Chrono Boost)  
  15  0:38  Forge  
  16  0:43  Probe (Chrono Boost)  
  17  1:05  Pylon x2  
  17  1:08  Pylon  
  17  1:23  Photon Cannon  
  17  1:31  Pylon  
  16  1:41  Probe  
  17  1:52  Photon Cannon  
  17  1:54  Probe, Gateway  
  17  2:06  Probe  
  18  2:18  Probe (Chrono Boost), Gateway  
  19  2:29  Assimilator  
  20  2:30  Probe (Chrono Boost)  
  20  2:37  Probe (Chrono Boost)  
  20  2:43  Nexus  
  21  2:44  Probe  
  22  2:56  Probe  
  23  3:02  Pylon  
  23  3:05  Cybernetics Core  
  23  3:19  Probe  
  22  3:31  Probe  
Show
View Real Time Build Order
Export as new Build Order

SpeCial Terran - Winner!

Build Orders:  

Get SALT Encoding   

  12  0:00  SCV  
  13  0:12  SCV  
  14  0:18  Supply Depot  
  14  0:24  SCV  
  15  0:39  SCV  
  15  0:42  Barracks  
  16  0:43  Refinery  
  16  0:51  SCV  
  17  1:03  SCV  
  18  1:15  SCV  
  19  1:20  Refinery  
  19  1:45  Marine  
  20  1:57  Orbital Command  
  20  2:04  Reaper  
  21  2:21  Supply Depot  
  21  2:24  SCV  
  22  2:31  Factory  
  23  2:42  Barracks Reactor, SCV  
  23  2:54  SCV  
  24  3:00  Command Center  
  24  3:06  SCV  
  25  3:15  Refinery  
  25  3:18  SCV  
  25  3:19  Marine x2  
  28  3:36  SCV, Starport  
  28  3:40  Factory Tech Lab  
Tags
 
Add a new tag
Caveats
  • Supply blocks, unpowered buildings, or Contaminate may cause inaccurate times.
  • Supply counts are checked every 10 seconds.